[Event "Early-Titled-Tuesday-Blitz-December-26-2023"]
[Site "Chess.com"]
[Date "2023.12.26"]
[Round "1"]
[White "GiorgianBarbosa"]
[Black "Vincent_Vega95"]
[Result "1/2-1/2"]
[WhiteElo "2509"]
[BlackElo "2848"]
[TimeControl "180+1"]
[EndTime "8:07:42 PST"]
[Termination "Game drawn by repetition"]

1. d4 Nf6 2. Nf3 g6 3. e3 Bg7 4. Be2 O-O 5. O-O d6 6. b3 c5 7. Bb2 Bf5 8. c4 Nc6 9. Nc3 Ne4 10. Nxe4 Bxe4 11. Qd2 Qa5 12. Qxa5 Nxa5 13. Nd2 Bf5 14. Bf3 Rac8 15. Rac1 g5 16. Bc3 Nc6 17. d5 Nb4 18.
Bxg7 Kxg7 19. e4 Bd7 20. a3 Nd3 21. Rc3 Ne5 22. Bd1 Ng6 23. f3 b5 24. g3 Rb8 25. f4 f6 26. Rcf3 Bg4 27. Rc3 Bh3 28. Rf2 a5 29. cxb5 Rxb5 30. a4 Rb4 31. Nc4 Ra8 32.
Bc2 Bg4 33. Kg2 Bc8 34. e5 Ba6 35. exd6 Bxc4 36. Rxc4 exd6 37. Re2 gxf4 38. Bxg6 Kxg6 39. gxf4 Rxc4 40. bxc4 Rb8 41. Re6 Rb4 42. Rxd6 Rxa4 43. Ra6 Rxc4 44. Rxa5 Rxf4 45. Rxc5 Rd4 46. Kg3 h5 47. h4 Rg4+ 48. Kh3 Rd4 49. Kg3 Rg4+ 50. Kh3 Rd4 51. Kg3 1/2-1/2

[Event "Early-Titled-Tuesday-Blitz-December-26-2023"]
[Site "Chess.com"]
[Date "2023.12.26"]
[Round "1"]
[White "FoxOnTheRun97"]
[Black "Dewarfd"]
[Result "1-0"]
[WhiteElo "2577"]
[BlackElo "2101"]
[TimeControl "180+1"]
[EndTime "8:07:42 PST"]
[Termination "FoxOnTheRun97 won on time"]

1. d4 Nf6 2. Bg5 d5 3. Nd2 c5 4. e3 e6 5. c3 cxd4 6. exd4 Be7 7. Bd3 Nc6 8. Ngf3 Qc7 9. O-O h6 10. Bh4 O-O 11. Re1 Ng4 12. Bxe7 Qxe7 13. h3 Nf6 14. Ne5 Nxe5 15. dxe5 Nd7 16. Nf3 Nc5 17. Bc2 a5 18. Qd4 g6 19. Rad1 b6 20. Qg4 Kg7 21. Nd4 Qg5 22.
Qe2 Ba6 23. Qf3 Bb7 24. Kh2 Ne4 25. Bxe4 dxe4 26. Qg3 Rfd8 27. Nb5 Qxg3+ 28. Kxg3 Rd5 29. Nd6 Bc6 30. f4 exf3 31. gxf3 g5 32. c4 Rxd1 33. Rxd1 Ra7 34. b3 Rd7 35. f4 gxf4+ 36. Kxf4 Kf8 37. Rc1 f6 38. c5 fxe5+ 39. Kxe5 bxc5 40. Rxc5 Bd5 41. Rxa5 Rc7 42. Rb5 Rc3 43. h4 Re3+ 44.
Kf6 Rf3+ 45. Kg6 Rh3 46. Nf5 Ke8 47. Nxh6 1-0

[Event "Early-Titled-Tuesday-Blitz-December-26-2023"]
[Site "Chess.com"]
[Date "2023.12.26"]
[Round "1"]
[White "Aslanov_Umid"]
[Black "ChessBliss09"]
[Result "0-1"]
[WhiteElo "2551"]
[BlackElo "2097"]
[TimeControl "180+1"]
[EndTime "8:07:44 PST"]
[Termination "ChessBliss09 won by checkmate"]

1. e4 c6 2. d4 d5 3. Nd2 dxe4 4.
Nxe4 Nf6 5. Nxf6+ exf6 6. c3 Bd6 7. Bd3 O-O 8. Qc2 Re8+ 9. Ne2 h5 10. O-O Na6 11. Bf4 Nc7 12. Bxd6 Qxd6 13. c4 Be6 14. Rad1 Rad8 15. h3 b5 16. b3 a5 17. Nc3 bxc4 18. bxc4 Qf4 19. Be4 Bxc4 20. Rfe1 Bd5 21. Bxd5 Nxd5 22.
Nxd5 cxd5 23. Rxe8+ Rxe8 24. Qc6 Qe4 25. Kh2 Qe2 26.
Rd2 Qe4 27. Qc3 h4 28. Qc7 Qe1 29. Rb2 Qa1 30. Rb7 Rf8 31. Qc5 Qxa2 32. Ra7 Qxf2 33. Qxd5 Qg3+ 34. Kg1 Qe1+ 35. Kh2 a4 36. Qf3 Qb4 37.
Qd5 Qb8+ 38. Kg1 Qxa7 39. Kf2 a3 40. Kf3 a2 41. Kg4 a1=Q 42. Kh5 Q1xd4 43. Qf5 Qe5 44. g4 Qxf5+ 45. gxf5 g6+ 46. Kh6 Rc8 47. fxg6 fxg6 48.
Kxg6 Qf7+ 49. Kh6 Qb3 50. Kh5 Qxh3 51. Kg6 Kf8 52. Kxf6 Qg3 53. Kf5 Rc5+ 54. Ke6 Qg6+ 55. Kd7 Qf7+ 56. Kd6 Qc7+ 57. Ke6 Qc6# 0-1

[Event "Early-Titled-Tuesday-Blitz-December-26-2023"]
[Site "Chess.com"]
[Date "2023.12.26"]
[Round "1"]
[White "OneTrickPony_82"]
[Black "FelixBlohberger"]
[Result "0-1"]
[WhiteElo "2451"]
[BlackElo "2775"]
[TimeControl "180+1"]
[EndTime "8:07:45 PST"]
[Termination "FelixBlohberger won by resignation"]

1. d4 Nf6 2. c4 g6 3. Nc3 Bg7 4.
e4 d6 5. Nf3 Bg4 6. Be2 Bxf3 7.
Bxf3 e5 8. Be3 exd4 9. Qxd4 Nc6 10. Qd2 O-O 11. O-O Re8 12. h3 Nd7 13. Rfe1 Nc5 14. Bg5 Bf6 15. Bxf6 Qxf6 16. Nd5 Qd8 17. Qc3 Ne5 18. Be2 c6 19. Ne3 Nxe4 20. Qc2 Qh4 21. Bf1 Nf6 22. Rad1 Rad8 23. Qc3 Qf4 24. Rd4 Qg5 25. f4 Nf3+ 26. Kf2 Qh4+ 27. Kxf3 Nh5 28. Ke2 Nxf4+ 29. Kd2 Qf2+ 30. Be2 Re5 31. Rxf4 Qxf4 32. Rf1 Qg5 33. h4 Qh6 34. Rf3 Rde8 35. Qd3 Qxh4 36. Kc2 h5 37. Nf1 Qe7 38. Bd1 Re1 39. Qd2 Qe5 40.
b3 Qe4+ 41. Qd3 Qxd3+ 42. Kxd3 Rxd1+ 43. Kc2 Ra1 44. Ne3 Rxa2+ 45. Kc3 Re2 46. g4 R2xe3+ 47. Rxe3 Rxe3+ 48. Kd4 Rg3 0-1

[Event "Early-Titled-Tuesday-Blitz-December-26-2023"]
[Site "Chess.com"]
[Date "2023.12.26"]
[Round "1"]
[White "Dinosaurio_1975"]
[Black "AnaKuchava"]
[Result "1-0"]
[WhiteElo "2592"]
[BlackElo "2206"]
[TimeControl "180+1"]
[EndTime "8:07:46 PST"]
[Termination "Dinosaurio_1975 won by resignation"]

1. e4 c5 2. Nf3 d6 3. Bb5+ Bd7 4. Bxd7+ Qxd7 5. O-O Nc6 6. c3 Nf6 7. Re1 e6 8. d4 cxd4 9. cxd4 d5 10. e5 Ne4 11. a3 Be7 12. Nbd2 Nxd2 13. Bxd2 Rc8 14. Rc1 b5 15. h4 Qb7 16. h5 h6 17. Rc3 Kd7 18. Qe2 a5 19. Qe3 b4 20. Rcc1 Rhd8 21.
Qf4 Ke8 22. Qg4 Bf8 23. Re3 bxa3 24. bxa3 a4 25. Rd3 Nb8 26. Rd1 Rc2 27. Ne1 Ra2 28. f4 Rxa3 29. Rxa3 Bxa3 30. Qxg7 Bf8 31. Qg4 a3 32. f5 Qb6 33. fxe6 Qxe6 34. Qf3 Nc6 35. Bc3 Ra8 36. Nd3 a2 37. Nf4 Qf5 38. Nxd5 Qxf3 39. gxf3 Ra3 40. Ba1 Bb4 41. Rc1 Kd7 42. Nf6+ Kc7 43.
d5 Bd2 44. Rxc6+ Kb7 45. Rc2 Be3+ 46. Kg2 Rb3 47. Rxa2 1-0

[Event "Early-Titled-Tuesday-Blitz-December-26-2023"]
[Site "Chess.com"]
[Date "2023.12.26"]
[Round "1"]
[White "hakanazeri2"]
[Black "Chempiblinka"]
[Result "0-1"]
[WhiteElo "2586"]
[BlackElo "2254"]
[TimeControl "180+1"]
[EndTime "8:07:47 PST"]
[Termination "Chempiblinka won by checkmate"]

1. Nf3 Nf6 2. c4 g6 3. Nc3 Bg7 4. e4 d6 5. d4 O-O 6. Be2 Bg4 7. O-O Nfd7 8. d5 c5 9. Be3 Na6 10. Rb1 Nc7 11. Nd2 Bxe2 12. Qxe2 a6 13. a4 b6 14. f4 e6 15. dxe6 Nxe6 16. Nd5 Nd4 17. Bxd4 Bxd4+ 18. Kh1 Rb8 19. Qd3 Nf6 20. Nxf6+ Qxf6 21. b3 Rfe8 22. Nf3 Qe7 23. Nxd4 cxd4 24. Rfe1 b5 25. cxb5 axb5 26. axb5 Qh4 27. g3 Qg4 28. Qxd4 Qf3+ 29. Kg1 Rxb5 30. Re3 Qg4 31. Qxd6 Reb8 32. Rc1 h5 33.
Kg2 Rxb3 34. Rxb3 Rxb3 35. Qd8+ Kg7 36. Qd4+ Kh7 37. Qf2 Ra3 38. Rc2 Ra4 39. h3 Qe6 40.
e5 Qd5+ 41. Qf3 Qd4 42. h4 Ra1 43. Rc7 Ra2+ 44. Kh3 Qg1 45. g4 Rh2# 0-1

[Event "Early-Titled-Tuesday-Blitz-December-26-2023"]
[Site "Chess.com"]
[Date "2023.12.26"]
[Round "1"]
[White "ChessSG1"]
[Black "Agibileg"]
[Result "1-0"]
[WhiteElo "2446"]
[BlackElo "2695"]
[TimeControl "180+1"]
[EndTime "8:07:48 PST"]
[Termination "ChessSG1 won on time"]

1. d4 Nf6 2. c4 e6 3. g3 c5 4. d5 exd5 5. cxd5 d6 6. Nc3 g6 7.
Bg2 Bg7 8. Nf3 O-O 9. O-O Re8 10. Nd2 a6 11. a4 Nbd7 12. a5 Rb8 13. Nc4 Ne5 14.
Nxe5 Rxe5 15. Bf4 Re8 16. e4 Bg4 17. Qc2 Nh5 18. Be3 b5 19. axb6 Qxb6 20. Rfb1 a5 21. Ra2 Bd7 22. Rba1 Bd4 23. Bc1 Nf6 24. h3 a4 25.
Nxa4 Bxa4 26. Rxa4 Bxb2 27. Rb1 Nxd5 28. Rxb2 Nb4 29.
Qc3 d5 30. exd5 Qb5 31. Bh6 f6 32. Qxf6 Rb7 33. Ra1 Rf7 34. Qc3 Qb6 35. d6 Qxd6 36.
Qc4 Rd8 37. Kh2 Qd7 38. Ra5 Nd3 39. Rb6 1-0

[Event "Early-Titled-Tuesday-Blitz-December-26-2023"]
[Site "Chess.com"]
[Date "2023.12.26"]
[Round "1"]
[White "Rap_woyska"]
[Black "Alexchess1984"]
[Result "0-1"]
[WhiteElo "2405"]
[BlackElo "2703"]
[TimeControl "180+1"]
[EndTime "8:07:49 PST"]
[Termination "Alexchess1984 won by resignation"]

1. c4 c5 2. Nc3 g6 3. Nf3 Bg7 4. e3 d6 5. d4 Nd7 6. Be2 Ngf6 7. O-O O-O 8. d5 a6 9. h3 b5 10. cxb5 axb5 11. Bxb5 Bb7 12. a4 Nb6 13. e4 Qc7 14. Bf4 Nh5 15. Bh2 Ba6 16. Qc2 Bxb5 17. axb5 Qb7 18.
Nd2 Nf6 19. b3 Nfd7 20. Nc4 Nxc4 21. bxc4 Nb6 22. Qb3 Rxa1 23. Rxa1 Ra8 24. Ra2 Bxc3 25. Rxa8+ Qxa8 26. Qxc3 Qa4 27. Bf4 Qxc4 28. Qf3 Qxb5 29. Bh6 Nd7 30. Bf4 f6 31. Kh2 Nf8 32. Qc3 Qb4 33.
Qc2 Qd4 34. f3 g5 35. Bg3 h5 36. Bf2 Qe5+ 37. Bg3 Qa1 38. h4 gxh4 39. Bxh4 Qe5+ 40.
Bg3 Qg5 41. f4 Qg4 42. Qf2 Ng6 43.
f5 h4 44. fxg6 hxg3+ 45. Qxg3 Qxg3+ 46. Kxg3 Kg7 47. Kf4 Kxg6 48. e5 fxe5+ 0-1

[Event "Early-Titled-Tuesday-Blitz-December-26-2023"]
[Site "Chess.com"]
[Date "2023.12.26"]
[Round "1"]
[White "IAgrest"]
[Black "Witik"]
[Result "0-1"]
[WhiteElo "2413"]
[BlackElo "2727"]
[TimeControl "180+1"]
[EndTime "8:07:50 PST"]
[Termination "Witik won on time"]

1. e4 c6 2. d4 d5 3. f3 dxe4 4. fxe4 e5 5. Nf3 Bg4 6. c3 Nd7 7. Bc4 Bd6 8. O-O Ngf6 9. Qb3 O-O 10. Nbd2 b5 11. Be2 Rb8 12. h3 Bh5 13. a4 a6 14. Qc2 c5 15. d5 c4 16. b4 Bg6 17.
Nh4 Nxd5 18. Ndf3 Nf4 19. Bxf4 exf4 20. Rad1 Ne5 21. Nf5 Bxf5 22. exf5 Qf6 23. Nd4 g5 24. Bf3 Bc7 25. Kh1 h6 26. Qe2 Rfe8 27. Qf2 Nd3 28. Qc2 Bb6 29. Nc6 Rbc8 30. axb5 axb5 31. Na5 Re3 32. Rd2 Qxf5 33. Re2 Rce8 34. Rxe3 Rxe3 35. Qa2 Kg7 36. Nc6 Qf6 37. Nd4 Bxd4 38. cxd4 Qxd4 39. Qa8 Re1 40. Rxe1 Nxe1 41. Qc6 Nd3 42. Bd5 c3 43. Qb7 Ne5 44. Qxb5 Qd1+ 45. Kh2 c2 46. Bb3 Nf3+ 0-1

[Event "Early-Titled-Tuesday-Blitz-December-26-2023"]
[Site "Chess.com"]
[Date "2023.12.26"]
[Round "1"]
[White "ProfessorChess101"]
[Black "Felix-Rose"]
[Result "1-0"]
[WhiteElo "2608"]
[BlackElo "2255"]
[TimeControl "180+1"]
[EndTime "8:07:52 PST"]
[Termination "ProfessorChess101 won by resignation"]

1. c4 e6 2. Nc3 d5 3. d4 Nf6 4. Nf3 Be7 5. Bf4 O-O 6. e3 b6 7.
Be2 Bb7 8. Rc1 c5 9. cxd5 Nxd5 10. Nxd5 Bxd5 11. a3 cxd4 12. Qxd4 Nc6 13. Qd2 Na5 14. Rd1 Bb3 15. Qxd8 Rfxd8 16. Rxd8+ Rxd8 17. Nd4 Bf6 18.
Nxb3 Nxb3 19. O-O g5 20. Bg3 Rd2 21. Bc4 Rxb2 22. Rd1 Nd2 23. Bd3 Be7 24. h3 Bxa3 25. Be5 Ra2 26. Bc3 Nb3 27. Bb1 Re2 28. Bd3 Ra2 29.
Bb1 Re2 30. Rd8+ Bf8 31. Kf1 Nc1 32. Bb4 Rb2 33. Rxf8+ Kg7 34. Bc3+ Kxf8 35. Bxb2 Nb3 36. Bc2 Nc5 37. Ba3 Ke7 38. Bxh7 Kd6 39. Bc2 b5 40.
Bb4 Kc6 41. g3 Kb6 42. h4 gxh4 43. gxh4 a5 44. Bxc5+ Kxc5 45. h5 a4 46. h6 a3 47.
h7 b4 48. h8=Q Kc4 49. Qd4+ Kb5 50. Bb3 Ka5 51. Qc5+ Ka6 52. Qxb4 1-0

[Event "Early-Titled-Tuesday-Blitz-December-26-2023"]
[Site "Chess.com"]
[Date "2023.12.26"]
[Round "1"]
[White "C_K_G"]
[Black "Kleyton_Lima"]
[Result "0-1"]
[WhiteElo "2031"]
[BlackElo "2561"]
[TimeControl "180+1"]
[EndTime "8:07:53 PST"]
[Termination "Kleyton_Lima won on time"]

1. e4 c5 2. Nf3 d6 3. d4 cxd4 4.
Nxd4 Nf6 5. Nc3 a6 6. Be2 e5 7.
Nb3 Be6 8. Be3 Nbd7 9. O-O Be7 10. Qd2 Rc8 11. f3 O-O 12. Rad1 Qc7 13. Rf2 b5 14.
Bf1 Nb6 15. g4 b4 16. Bxb6 Qxb6 17. Nb1 Bxg4 18. Kg2 Be6 19. Kh1 a5 20. Rg2 a4 21.
Nc1 Bh3 22. Rg3 Bxf1 23. Rxf1 Kh8 24. Rfg1 Rg8 25. Nd3 Qd4 26. Qg2 g6 27. b3 axb3 28. axb3 Nh5 29. Rh3 Nf4 30. Nxf4 exf4 31. Rc1 Qb2 32.
Qd2 Bf6 33. Qd1 Rgd8 34. Nd2 d5 35. exd5 Rxd5 36. Qe1 Qc3 37. Nc4 Qxe1+ 38. Rxe1 Rcd8 39. Kg1 Kg7 40. Kf1 Rd1 41. Ke2 Rxe1+ 42. Kxe1 Bc3+ 43. Ke2 Re8+ 44. Kd3 Re1 45. Rh4 g5 46. Rg4 Kg6 47.
Rg2 Rd1+ 48. Ke4 Rd4+ 0-1

[Event "Early-Titled-Tuesday-Blitz-December-26-2023"]
[Site "Chess.com"]
[Date "2023.12.26"]
[Round "1"]
[White "wonderfultime"]
[Black "ketster"]
[Result "1-0"]
[WhiteElo "3007"]
[BlackElo "2538"]
[TimeControl "180+1"]
[EndTime "8:07:55 PST"]
[Termination "wonderfultime won by checkmate"]

1. d4 d5 2. Nf3 Nf6 3. Bf4 c5 4. c3 Nc6 5. e3 e6 6. Nbd2 cxd4 7. exd4 Nh5 8. Be5 f6 9. Bg3 g6 10. Be2 Bg7 11. O-O O-O 12. Nb3 Nxg3 13. hxg3 e5 14. c4 Be6 15. dxe5 fxe5 16. cxd5 Bxd5 17. Nfd2 Nd4 18. Bc4 Rc8 19. Rc1 Kh8 20. Re1 Bc6 21.
Ne4 Qb6 22. Nxd4 Rcd8 23. Qb3 Rxd4 24. Qxb6 axb6 25. Ng5 Bh6 26. Rxe5 Bxg5 27. Rxg5 Rd2 28. f3 Rxb2 29. Re5 Re8 30. Rxe8+ Bxe8 31. Bb3 Bc6 32. g4 g5 33. Re1 Kg7 34. Re7+ Kg6 35. Re5 h6 36.
Re6+ Kg7 37. Rd6 Re2 38. Rd4 b5 39. Kf1 Rb2 40. Rd6 Kh7 41. Rd3 Kg7 42. g3 Rh2 43. Kg1 Re2 44. Kf1 Rh2 45. f4 gxf4 46. gxf4 Rh4 47. Rg3 Kf6 48. Kf2 Rh1 49. Re3 Rh4 50.
Kg3 Rh1 51. Re6+ Kg7 52. f5 Rg1+ 53. Kf4 Rf1+ 54. Ke5 Re1+ 55. Kd6 Rg1 56. Rg6+ Kf8 57. Rg8# 1-0

[Event "Early-Titled-Tuesday-Blitz-December-26-2023"]
[Site "Chess.com"]
[Date "2023.12.26"]
[Round "1"]
[White "Elsa167"]
[Black "Shuvalov"]
[Result "1-0"]
[WhiteElo "2988"]
[BlackElo "2532"]
[TimeControl "180+1"]
[EndTime "8:07:55 PST"]
[Termination "Elsa167 won on time"]

1. d4 Nf6 2. c4 g6 3. Nc3 d5 4.
Nf3 Bg7 5. Bg5 Ne4 6. Bf4 O-O 7. cxd5 Bf5 8. e3 Nxc3 9. bxc3 Qxd5 10. Be2 c5 11.
O-O Nc6 12. c4 Qd8 13. d5 Na5 14. Be5 e6 15. Bxg7 Kxg7 16. Qd2 exd5 17. cxd5 b6 18.
Rfd1 Qf6 19. Ne1 Rad8 20. f3 Bd7 21. e4 Ba4 22. Rdc1 Nc6 23. Bf1 Nd4 24. Qf2 Rfe8 25. Nd3 h5 26. Nb2 Bd7 27. a4 h4 28. h3 Qg5 29.
Kh1 Nb3 30. Rd1 Nxa1 31. Rxa1 Qf6 32. Rb1 Rxe4 33. Nc4 Rd4 34. a5 Bf5 35. Rc1 R4xd5 36. axb6 axb6 37. Ne3 Rd2 38. Qe1 Bc8 39. Ra1 R2d6 40.
Ra7 Re6 41. Qc1 Qf4 42. Ra3 Rde8 43. Qa1+ Qd4 44. Qxd4+ cxd4 45. Nc2 Rd6 46. Bd3 Bf5 47. Kg1 Bxd3 48. Rxd3 Re2 49. Nb4 1-0

[Event "Early-Titled-Tuesday-Blitz-December-26-2023"]
[Site "Chess.com"]
[Date "2023.12.26"]
[Round "1"]
[White "giomar27"]
[Black "CSB7"]
[Result "0-1"]
[WhiteElo "2393"]
[BlackElo "2696"]
[TimeControl "180+1"]
[EndTime "8:07:58 PST"]
[Termination "CSB7 won by resignation"]

1. e4 c5 2. Nf3 Nc6 3. Bc4 e6 4. O-O a6 5. Re1 Nge7 6. c3 b5 7. Bf1 d5 8. exd5 Nxd5 9. d4 Bb7 10. a4 Qb6 11. axb5 axb5 12. Rxa8+ Bxa8 13. c4 bxc4 14. Bxc4 Na5 15. Bxd5 Bxd5 16. Nc3 Bb3 17. Qd3 cxd4 18.
Nxd4 Bc5 19. Be3 Bc4 20. Qe4 O-O 21. Rd1 Qb7 22. Qxb7 Nxb7 23. Nc2 Bb3 24. Bxc5 Nxc5 25. Rd2 g6 26. f3 Rb8 27. Ne3 f5 28. Kf2 h5 29.
Ke2 f4 30. Nc2 Bc4+ 31. Kd1 Nd3 32. Ke2 Nxb2+ 33. Kf2 Nd3+ 34. Ke2 Rb3 35. Rxd3 Rxc3 36. Nb4 Rb3 37. Kd2 Rxb4 38. Rd8+ Kf7 39. Kc3 Ra4 40.
Rd4 Bb5 41. Rd6 Ra2 42. Kd4 Rxg2 43. Rb6 Be2 44. Ke5 Bxf3 45. Rb5 Bd5 46. Rb4 f3 47. Ra4 Ke7 48. Ra7+ Kd8 49. Kd6 Kc8 50. Rh7 f2 51.
Rh8+ Kb7 52. Rh7+ Kb6 53. Rh8 f1=Q 54. Rb8+ Bb7 0-1

[Event "Early-Titled-Tuesday-Blitz-December-26-2023"]
[Site "Chess.com"]
[Date "2023.12.26"]
[Round "1"]
[White "hsmile"]
[Black "zubridis"]
[Result "0-1"]
[WhiteElo "2075"]
[BlackElo "2564"]
[TimeControl "180+1"]
[EndTime "8:07:59 PST"]
[Termination "zubridis won on time"]

1. d4 Nf6 2. Nc3 d6 3. e4 g6 4.
Be3 c6 5. Qd2 Nbd7 6. Bd3 e5 7.
Nf3 b5 8. O-O Ng4 9. Bg5 f6 10.
Bh4 h5 11. h3 Nh6 12. dxe5 dxe5 13. a4 b4 14. Na2 a5 15. c3 Nc5 16. Rad1 Qxd3 17.
Qxd3 Nxd3 18. Rxd3 g5 19. Bg3 Ba6 20. Rfd1 Bxd3 21.
Rxd3 h4 22. Bh2 Rd8 23. Rxd8+ Kxd8 24. cxb4 axb4 25. Kf1 Nf7 26. Ke2 Kc7 27. Nd2 Bc5 28. b3 Rd8 29. Nc4 Nd6 30. Nxd6 Rxd6 31. Nc1 Rd4 32. f3 Rd8 33. Nd3 Be7 34. Nb2 Bc5 35. Nc4 Bd4 36. Na5 Kd7 37. Nc4 c5 38. Na5 Ke6 39. Nc4 f5 40. exf5+ Kxf5 41. Nd2 Bc3 42. Ne4 c4 43. bxc4 Bd4 44. c5 Ra8 45. Nd6+ Ke6 0-1

[Event "Early-Titled-Tuesday-Blitz-December-26-2023"]
[Site "Chess.com"]
[Date "2023.12.26"]
[Round "1"]
[White "ChessArchitect64"]
[Black "karinachess1"]
[Result "1-0"]
[WhiteElo "2281"]
[BlackElo "2588"]
[TimeControl "180+1"]
[EndTime "8:08:05 PST"]
[Termination "ChessArchitect64 won by checkmate"]

1. d4 Nf6 2. Nf3 e6 3. e3 d5 4.
Bd3 Be7 5. O-O b6 6. c3 O-O 7.
Nbd2 Ba6 8. Bxa6 Nxa6 9. Qe2 Nb8 10. e4 dxe4 11. Nxe4 Nbd7 12. Nxf6+ Nxf6 13. Bg5 h6 14. Bxf6 Bxf6 15. Rad1 Qd5 16. c4 Qa5 17. b3 Rad8 18. Rd2 Rd7 19. Rfd1 Rfd8 20. h3 Qf5 21. Qe3 a5 22. g4 Qg6 23. Ne5 Bxe5 24. dxe5 Rxd2 25.
Rxd2 Qb1+ 26. Kh2 Rxd2 27. Qxd2 Kh7 28. Qe2 Kg8 29. Qd2 Kh7 30. Qe2 Qg6 31. f4 Qb1 32.
Kg2 c6 33. Qf2 Qe4+ 34. Kg3 b5 35. cxb5 cxb5 36. Qf3 Qb1 37. Qf2 a4 38. bxa4 bxa4 39. f5 Qe4 40. Qf4 Qe1+ 41. Qf2 Qc3+ 42. Kf4 a3 43. fxe6 fxe6 44. Qe2 Qb2 45. Kf3 Kg8 46.
Qc4 Qxe5 47. Qc8+ Kh7 48. Qc2+ Kg8 49. Qc8+ Kf7 50. Qd7+ Kg6 51. Qd3+ Kf6 52. Qxa3 Qd5+ 53. Kg3 Qe5+ 54. Kg2 Qe2+ 55. Kg3 Qe1+ 56. Kg2 Qd2+ 57. Kf3 e5 58. Qf8+ Kg6 59. Qe8+ Kf6 60. Qf8+ Kg6 61.
Qf5# 1-0

[Event "Early-Titled-Tuesday-Blitz-December-26-2023"]
[Site "Chess.com"]
[Date "2023.12.26"]
[Round "1"]
[White "Grammnik"]
[Black "mightysmasher"]
[Result "0-1"]
[WhiteElo "2207"]
[BlackElo "2593"]
[TimeControl "180+1"]
[EndTime "8:08:06 PST"]
[Termination "mightysmasher won by resignation"]

1. d4 d5 2. c4 e6 3. Nc3 Be7 4. Nf3 b6 5. g3 Bb7 6. Bg2 Nf6 7. cxd5 Nxd5 8. O-O O-O 9. Re1 Nd7 10. e4 Nxc3 11.
bxc3 Nf6 12. Ne5 c5 13. Be3 Rc8 14. Qd3 Bd6 15. Bf4 cxd4 16. cxd4 Bb4 17. Rec1 Qe7 18. Bg5 Rfd8 19. Ng4 Rxc1+ 20. Rxc1 Ba3 21. Rc2 h6 22. Bxf6 gxf6 23. Nxh6+ Kg7 24. Ng4 Bc5 25. e5 f5 26.
Qe3 fxg4 27. dxc5 Rd1+ 28. Bf1 Ba6 29. Rc1 Rxc1 30. Qxc1 Bxf1 31. Kxf1 bxc5 32. Qc4 Qg5 33. Qxc5 a6 34. a3 Qf5 35. Qe3 Kf8 36. Kg2 Ke8 37.
Qd4 Qf3+ 38. Kg1 Kf8 39. Qd8+ Kg7 40. Qg5+ Kh7 41. Qh4+ Kg6 42. Qh8 Kf5 43. Qf6+ Ke4 44. h3 Qxf6 45. exf6 gxh3 46. Kh2 Kf5 47. Kxh3 Kxf6 48.
Kg4 Kg6 49. Kf4 f6 50. f3 e5+ 51. Ke4 Kg5 52. f4+ exf4 53. gxf4+ Kg4 54. a4 a5 55. Ke3 f5 0-1

[Event "Early-Titled-Tuesday-Blitz-December-26-2023"]
[Site "Chess.com"]
[Date "2023.12.26"]
[Round "1"]
[White "ShahMatKanal"]
[Black "defenceboy"]
[Result "0-1"]
[WhiteElo "2508"]
[BlackElo "2881"]
[TimeControl "180+1"]
[EndTime "8:08:08 PST"]
[Termination "defenceboy won on time"]

1. d4 Nf6 2. c4 e6 3. Nc3 Bb4 4. e3 O-O 5. Ne2 Re8 6. a3 Bf8 7. Ng3 d5 8. Be2 dxc4 9. Bxc4 a6 10. O-O b5 11. Be2 Bb7 12. Bf3 Qc8 13. Nge4 Nbd7 14. b3 Nxe4 15. Nxe4 c5 16. Bb2 Ra7 17. Rc1 c4 18.
Qe2 Bd5 19. Ng5 h6 20. e4 Ba8 21. Nxf7 Kxf7 22. Bh5+ g6 23. Qf3+ Nf6 24. d5 e5 25.
bxc4 gxh5 26. c5 Bxc5 27. Rc2 Qg4 28. Rxc5 Qxf3 29. gxf3 Nd7 30. Rc2 a5 31. Rfc1 Ke7 32.
Rc7 Rxc7 33. Rxc7 Kd6 34. Ra7 Rc8 35. Rxa5 Bb7 36. Ra7 Rc7 37. a4 b4 38. a5 Nc5 39.
Bc1 Nd3 40. Be3 b3 41. a6 Bc8 42. Rxc7 Kxc7 43. a7 Bb7 44. f4 b2 45. fxe5 b1=Q+ 46. Kg2 Nxe5 47. f3 Qc2+ 48. Bf2 Qe2 49. a8=Q Qxf3+ 0-1

[Event "Early-Titled-Tuesday-Blitz-December-26-2023"]
[Site "Chess.com"]
[Date "2023.12.26"]
[Round "1"]
[White "arturdailima"]
[Black "YouJustFoundYourGodfather"]
[Result "1-0"]
[WhiteElo "2328"]
[BlackElo "2614"]
[TimeControl "180+1"]
[EndTime "8:08:10 PST"]
[Termination "arturdailima won by resignation"]

1. e4 g6 2. d4 Bg7 3. Nc3 d6 4. Nf3 a6 5. Be2 b5 6. O-O Bb7 7. Bg5 h6 8. Bh4 Nd7 9. Re1 g5 10. Bg3 Ngf6 11. e5 Nh5 12. exd6 Nxg3 13. hxg3 cxd6 14. Bf1 O-O 15. Qd2 Nf6 16. Bd3 Rc8 17.
Ne4 Qd7 18. Nxf6+ Bxf6 19. c3 e6 20. Bc2 Kg7 21. Qd3 Rh8 22. Bb3 h5 23. Qe3 Qd8 24. d5 e5 25. Qe4 Qd7 26. Qe3 Qd8 27. Qe4 Rc5 28. Rad1 a5 29. a3 Rh6 30. Nh2 Bc8 31. Nf1 Bd7 32. Ne3 Qc8 33. Bc2 h4 34.
g4 Kf8 35. Qf3 b4 36. axb4 axb4 37. c4 Bd8 38. b3 Ra5 39. Ra1 Rxa1 40. Rxa1 Bb6 41.
Nf5 Rf6 42. Kh2 Bd4 43. Ra2 Qb8 44. Qe2 Qb7 45. Qd2 Rg6 46. Nxd4 exd4 47. Bxg6 fxg6 48. Qxd4 Kf7 49. Ra7 Qc8 50. Qe3 Qd8 51. Qf3+ Kg7 52.
Qe4 Kh6 53. Qd4 Qe7 54. Qh8+ 1-0

[Event "Early-Titled-Tuesday-Blitz-December-26-2023"]
[Site "Chess.com"]
[Date "2023.12.26"]
[Round "1"]
[White "prime-morty"]
[Black "BilodeauA"]
[Result "1/2-1/2"]
[WhiteElo "2523"]
[BlackElo "2884"]
[TimeControl "180+1"]
[EndTime "8:08:11 PST"]
[Termination "Game drawn by repetition"]

1. c4 e5 2. Nc3 d6 3. Nf3 f5 4. d4 e4 5. Ng5 Be7 6. Nh3 Nf6 7. f3 O-O 8. e3 c6 9. Be2 d5 10. Qb3 a6 11. cxd5 cxd5 12. Nf4 Kh8 13. Ncxd5 Nxd5 14. Qxd5 Bb4+ 15. Bd2 Bxd2+ 16. Kxd2 Qb6 17. Qb3 Qd6 18. fxe4 fxe4 19. Raf1 Nc6 20. Qa3 Qxa3 21. bxa3 Bd7 22. Nd5 Rad8 23. Rxf8+ Rxf8 24. Rf1 Rd8 25. Nc3 Be6 26.
Rb1 b5 27. a4 b4 28. Nxe4 Bxa2 29. Rc1 Bd5 30. Nc5 a5 31. Bf3 Bxf3 32. gxf3 Ne7 33. Nb3 Nd5 34. Rc5 h6 35. Rxa5 Nc3 36. Ra7 Rf8 37.
f4 g5 38. fxg5 hxg5 39. Rb7 Rf2+ 40. Kd3 Rxh2 41. Rxb4 Nd1 42. Rb8+ Kh7 43. Rb7+ Kh6 44. a5 g4 45. Rb6+ Kh7 46. Rb5 g3 47. Rg5 g2 48.
a6 Nf2+ 49. Kc4 Ne4 50. Rg4 Nf6 51. Rg3 Ne4 52. Rg4 Nf6 53. Rxg2 Rxg2 54. Na5 Ra2 55. Kb5 Nd5 56. a7 Nc7+ 57. Kb6 Nd5+ 58. Ka6 Nc7+ 59. Kb6 Nd5+ 60. Ka6 Nc7+ 61. Kb6 1/2-1/2

[Event "Early-Titled-Tuesday-Blitz-December-26-2023"]
[Site "Chess.com"]
[Date "2023.12.26"]
[Round "1"]
[White "Sina_Movahed"]
[Black "BigAl"]
[Result "1-0"]
[WhiteElo "3029"]
[BlackElo "2544"]
[TimeControl "180+1"]
[EndTime "8:08:14 PST"]
[Termination "Sina_Movahed won by resignation"]

1. Nf3 Nf6 2. c4 g6 3. Nc3 Bg7 4. e4 O-O 5. d4 d6 6. Be2 Bg4 7. O-O Nbd7 8. Ne1 Bxe2 9. Qxe2 e5 10. d5 Nh5 11. Nd3 a5 12. Be3 b6 13. b3 Qe8 14.
Nb5 Rc8 15. Na7 Ra8 16. Nb5 Rc8 17. f3 f5 18. a3 Kh8 19. b4 Ndf6 20. Nc3 Qe7 21.
g3 f4 22. Bf2 fxg3 23. hxg3 Ng8 24. Ra2 Rf7 25. Be1 Rcf8 26. Qg2 Bh6 27. Re2 axb4 28.
axb4 Rb8 29. Qh3 Ra8 30. Nb5 Ra1 31. Qg2 Rd1 32. Nf2 Rc1 33. Ng4 Rxc4 34. Nxh6 Nxh6 35. Bd2 Ng8 36. Qh3 Rc2 37. Rff2 Qf8 38. Bh6 Nxh6 39. Rxc2 Rxf3 40. Rxf3 Qxf3 41. Rf2 Qd1+ 42. Qf1 Qg4 43. Rf8+ Kg7 44. Qf3 Nxg3 45. Qxg4 Nxg4 46. Rc8 h5 47.
Rxc7+ Kh6 48. Nxd6 h4 49. Nf7+ Kh5 50. Rc8 Nf6 51. Rh8+ Kg4 52. Nxe5+ Kf4 53. Nxg6+ Kf3 54. Nxh4+ Kg4 55. d6 Nfxe4 56. d7 Ne2+ 57. Kf1 N2g3+ 58. Ke1 1-0